 Dungeon Crawl Stone Soup version 0.24.1 (webtiles) character file.

Game seed: 7146001050072855226, levelgen mode: deterministic

136811 markt42 the Bludgeoner (level 17, -1/108 HPs)
             Began as a Gargoyle Fighter on Apr 4, 2020.
             Was the Champion of Okawaru.
             Slain by an eight-headed hydra (11 damage)
             ... on level 4 of the Swamp.
             The game lasted 00:46:34 (32094 turns).

markt42 the Bludgeoner (Gargoyle Fighter)          Turns: 32094, Time: 00:46:34

Health: -1/108     AC: 36    Str: 24    XL:     17   Next: 22%
Magic:  18/18      EV: 10    Int: 14    God:    Okawaru [******]
Gold:   1678       SH:  8    Dex: 27    Spells: 16/16 levels left

rFire    + . .     SeeInvis +   G - +5 great mace "Grum" {flame, rN+ Str+3 Int+3}
rCold    + . .     Gourm    .   (shield currently unavailable)
rNeg     + + +     Faith    .   j - +0 plate armour
rPois    ∞         Spirit   .   R - +2 helmet {SInv}
rElec    +         Reflect  +   h - scarf {rC+ rF+}
rCorr    .         Harm     .   y - +0 pair of gloves
MR       +....                  C - +0 pair of boots of Vexation {rN+ Regen+ Dex+3}
Stlth    ..........             S - +4 amulet of reflection
HPRegen  0.68/turn              O - +5 ring of dexterity
MPRegen  0.16/turn              D - +4 ring of dexterity

@: flying
A: big wings, large bone plates 1, agile 1, negative energy resistance 1,
electricity resistance, unbreathing, petrification resistance, rot immunity, AC
+12
a: Stop Flying, Heroism, Finesse, Renounce Religion


You were on level 4 of the Swamp.
You worshipped Okawaru.
Okawaru was exalted by your worship.
You were near starving.

You visited 5 branches of the dungeon, and saw 28 of its levels.
You also visited: Ice Cave.

You collected 2635 gold pieces.
You spent 957 gold pieces at shops.

Inventory:

Hand Weapons
 b - the +8 frozen axe "Frostbite" {freezing cloud, *Noise +Fly rC+}
   (You found it on level 4 of the Lair of Beasts)

   It has been specially enchanted to freeze those struck by it, causing extra
   injury to most foes and up to half again as much damage against particularly
   susceptible opponents.
   It can also slow down cold-blooded creatures.
   It protects you from cold.
   It lets you fly.
   It may make noises in combat.
 B - a +4 morningstar of protection
 G - the +5 great mace "Grum" (weapon) {flame, rN+ Str+3 Int+3}
   (Okawaru gifted it to you on level 3 of the Lair of Beasts)

   It has been specially enchanted to burn those struck by it, causing extra
   injury to most foes and up to half again as much damage against particularly
   susceptible opponents.
   It affects your strength (+3).
   It affects your intelligence (+3).
   It protects you from negative energy.
Armour
 c - a +2 large shield
 h - a scarf of resistance (worn)
 j - a +0 plate armour (worn)
 y - a +0 pair of gloves (worn)
 C - the +0 pair of boots of Vexation (worn) {rN+ Regen+ Dex+3}
   (Okawaru gifted it to you on level 1 of the Orcish Mines)

   It affects your dexterity (+3).
   It protects you from negative energy.
   It increases your rate of regeneration.
 J - a +2 cloak
 R - a +2 helmet of see invisible (worn)
Jewellery
 r - an uncursed ring of fire
 s - an uncursed ring of see invisible
 u - an uncursed ring of protection from magic
 D - a +4 ring of dexterity (right hand)
 E - an uncursed ring of magical power
 F - a +5 ring of intelligence
 O - a +5 ring of dexterity (left hand)
 S - a +4 amulet of reflection (around neck)
Wands
 i - a wand of random effects (41)
 k - a wand of digging (12)
 p - a wand of acid (26)
 v - a wand of enslavement (19)
 x - a wand of iceblast (1)
 z - a wand of flame (60)
 K - a wand of polymorph (20)
 L - a wand of disintegration (13)
Scrolls
 d - 2 scrolls of fear
 g - 12 scrolls of identify
 o - a scroll of teleportation
 t - 4 scrolls of magic mapping
 w - 5 scrolls of enchant weapon
 A - 14 scrolls of remove curse
 H - 3 scrolls of amnesia
 Q - 2 scrolls of enchant armour
Potions
 a - 4 potions of lignification
 e - 6 potions of brilliance
 l - 2 potions of berserk rage
 m - a potion of haste
 n - 14 potions of curing
 q - a potion of magic
 I - 2 potions of might
 M - 5 potions of agility
 N - 2 potions of flight
 P - a potion of invisibility
Comestibles
 f - 34 rations


   Skills:
 + Level 12.9 Fighting
   Level 5.3 Long Blades
 - Level 20.0 Maces & Flails
 * Level 14.6 Armour
 + Level 3.1 Dodging
 + Level 0.9 Stealth
 + Level 12.2 Shields
 + Level 1.7 Evocations


You had 16 spell levels left.
You didn't know any spells.
Your spell library contained the following spells:

 Spells                   Type           Power        Failure   Level  Hunger
 Freeze                   Ice            #...         93%         1    ##.....
 Magic Dart               Conj           #...         93%         1    ##.....
 Shock                    Conj/Air       #...         93%         1    ##.....
 Corpse Rot               Necr           N/A          98%         2    ###....
 Searing Ray              Conj           #.....       98%         2    ###....
 Swiftness                Chrm/Air       #.......     98%         2    ###....
 Throw Frost              Conj/Ice       #.....       98%         2    ###....
 Dazzling Spray           Conj/Hex       #.....       100%        3    ####...
 Ozocubu's Armour         Chrm/Ice       #.......     100%        3    ####...
 Spectral Weapon          Hex/Chrm       #.......     100%        3    ####...
 Static Discharge         Conj/Air       #.......     100%        3    ####...
 Stone Arrow              Conj/Erth      #.....       100%        3    ####...
 Tukima's Dance           Hex            #.......     100%        3    ####...
 Airstrike                Air            #.........   100%        4    #####..
 Cause Fear               Hex            #.........   100%        4    #####..
 Force Lance              Conj/Tloc      #.......     100%        4    #####..
 Fulminant Prism          Conj/Hex       #.........   100%        4    #####..
 Iskenderun's Mystic Bla  Conj           #.......     100%        4    #####..
 Leda's Liquefaction      Hex/Erth       #.........   100%        4    #####..
 Summon Ice Beast         Ice/Summ       #.......     100%        4    #####..
 Throw Icicle             Conj/Ice       #.......     100%        4    #####..
 Lightning Bolt           Conj/Air       #.........   100%        5    ######.
 Summon Forest            Summ/Tloc      #.........   100%        5    ######.
 Summon Mana Viper        Hex/Summ       #.......     100%        5    ######.
 Yara's Violent Unravell  Hex/Tmut       #.........   100%        5    ######.
 Hydra Form               Tmut           #.........   100%        6    #######
 Summon Hydra             Summ           #.........   100%        7    #######


Dungeon Overview and Level Annotations

Branches:
Dungeon (15/15)            Temple (1/1) D:7            Lair (6/6) D:8
  Swamp (4/4) Lair:2        Snake (0/4) Lair:4        Slime (0/5) Lair:5
    Orc (2/2) D:11            Elf (0/3) Orc:2        Vaults (0/5) D:14
 Depths (0/5) D:15          IceCv (visited)

Altars:
Ashenzari
Cheibriados
Dithmenos
Elyvilon
Fedhas
Gozag
Hepliaklqana
Kikubaaqudgha
Makhleb
Nemelex Xobeh
Okawaru
Qazlal
Ru
Sif Muna
Trog
Uskayaw
Vehumet
Wu Jian
Xom
Yredelemnul
Zin
The Shining One
Beogh
Jiyva

Shops:
D:4 =   D:6 ?   D:14 (   Orc:1 }   Orc:2 !??[


Innate Abilities, Weirdness & Mutations

You are resistant to torment.
Your stone body is resilient. (AC +12)
You are immune to poison.
Your large and strong wings let you fly indefinitely.
You resist negative energy. (rN+)
You are resistant to electric shocks. (rElec)
You can survive without breathing.
You are immune to petrification.
You are immune to rotting.
You are partially covered in large bone plates. (SH +4)
You are agile. (Dex +2)


Message History

The eight-headed hydra bites you.
* * * LOW HITPOINT WARNING * * *
A spriggan rider comes into view. It is wielding a +0 spear.
The eight-headed hydra bites you but does no damage.
The eight-headed hydra closely misses you.
The eight-headed hydra bites you!
* * * LOW HITPOINT WARNING * * *
The eight-headed hydra bites you but does no damage.
You block the eight-headed hydra's attack.
The eight-headed hydra bites you!
* * * LOW HITPOINT WARNING * * *
The eight-headed hydra bites you but does no damage.
The eight-headed hydra closely misses you.
Okay, then.
Okay, then.
You feel better.
The eight-headed hydra bites you but does no damage.
You block the eight-headed hydra's attack.
The eight-headed hydra bites you!
You die...

≈..≈ ≈≈§≈♣ ≈§..#
♣≈.≈.♣# ♣..≈♣##
.##
♣≈..≈≈♣♣♣≈y..#
♣.≈.≈i)yiiy.. ≈!
♣♣♣♣≈≈≈D♣♣.≈D...
♣.≈♣♣ ♣..≈♣@D♣♣
♣≈≈≈≈
≈≈.≈≈.♣♣...≈..≈♣
≈≈≈
≈≈≈≈≈≈.<≈≈.≈..♣♣
≈ ≈≈≈≈≈≈≈≈≈..§≈≈♣
≈≈≈§≈≈≈..≈♣♣♣♣♣
..≈≈≈≈≈..≈<♣
♣.≈≈≈≈≈≈≈≈≈..
≈.≈≈≈≈≈≈≈≈≈≈.≈.
...^..≈≈≈≈≈≈≈≈≈≈≈


You could see an eight-headed hydra, a four-headed hydra, a spriggan rider and 2
vampire mosquitoes.

Vanquished Creatures
  The ghost of Ziqic the Severer, an adept VSFi of Okawaru (Lair:6)
  Louise (D:14)
  The ghost of Nebesus the Carver, a journeyman DrFi of Okawaru (Lair:4)
  A stone giant (Orc:1)
  Snorg (Orc:1)
  An ettin (Orc:2)
  Josephine (Orc:1)
  The ghost of Sassenached the Fighter, a journeyman DrWn of Nemelex Xobeh (D:11)
  2 ogre magi (Orc:2)
  8 vault guards (D:14)
  17 hydras
  Harold (Lair:2)
  A ghost crab (Swamp:2)
  4 shambling mangroves
  13 alligators
  10 two-headed ogres
  A death knight (D:15)
  A death yak (Lair:4)
  5 centaur warriors
  A tengu warrior (D:15)
  Urug (Lair:5)
  Nergalle (Orc:1)
  6 skeletal warriors
  8 swamp dragons
  An unseen horror (D:14)
  2 deep trolls (Orc:2)
  3 spriggan druids
  A phantasmal warrior (D:15)
  Pikel (D:5)
  2 orc knights
  A sphinx zombie (D:15)
  A necromancer (D:15)
  4 oklob plants (Lair:4)
  A wolf spider (D:15)
  13 ugly things
  An orc sorcerer (Orc:2)
  6 cyclopes
  6 manticores
  An elephant (Lair:3)
  2 ice statues (IceCv)
  4 black mambas
  A gargoyle (D:14)
  2 orange demons (D:14)
  16 spiny frogs
  3 kobold demonologists
  A rime drake (Lair:1)
  10 komodo dragons
  3 tengu conjurers
  10 trolls
  5 polar bears (Lair:6)
  8 tyrant leeches
  18 hornets
  2 bog bodies
  11 slime creatures
  11 blink frogs
  9 dream sheep (Lair:6)
  11 hippogriffs
  A spriggan zombie (D:15)
  A fire dragon skeleton (D:15)
  A water elemental (D:12)
  13 spriggans
  A shadow (D:15)
  27 yaks
  5 basilisks
  A vampire (D:15)
  7 wraiths
  A wyvern (Lair:4)
  2 hungry ghosts
  5 vampire mosquitoes
  5 wargs
  Edmund (D:6)
  2 nagas (Lair:4)
  14 swamp worms
  13 water moccasins
  7 porcupines
  8 swamp drakes
  22 orc warriors
  7 ice beasts
  7 black bears
  2 eyes of draining
  5 sky beasts
  22 ogres
  A slave (D:5)
  3 phantoms
  2 necrophages (D:10)
  11 centaurs
  23 wolves
  3 boggarts (Lair:6)
  9 crocodiles
  A big kobold (D:7)
  A yaktaur zombie (D:15)
  20 bullfrogs
  A water moccasin zombie (D:6)
  8 scorpions
  A wyvern skeleton (D:13)
  14 wights
  4 electric eels (D:12)
  5 crimson imps
  2 bullfrog zombies
  3 centaur zombies
  10 hounds
  A quasit (D:12)
  11 centaur skeletons
  15 orc priests
  A bullfrog skeleton (D:11)
  2 iguanas
  26 orc wizards
  13 worker ants
  A killer bee zombie (D:10)
  A hound skeleton (D:7)
  A worker ant zombie (D:8)
  11 adders
  7 gnolls
  6 shadow imps
  An ooze (D:2)
  2 adder skeletons
  5 worms
  A dart slug (D:2)
  3 leopard geckos
  71 orcs
  7 bats
  5 giant cockroaches
  9 hobgoblins
  9 jackals
  17 kobolds
  3 quokkas
  A ball python (D:6)
  7 frilled lizards
  4 goblins
  A jackal zombie (D:4)
  A leopard gecko skeleton (D:4)
  A quokka zombie (D:6)
  4 rats
  A bush (D:5)
  2 plants (Lair:4)
812 creatures vanquished.

Vanquished Creatures (others)
  A cyclops (D:15)
  A hornet (Swamp:1)
  A slave (D:5)
  An orc wizard (D:4)
  10 fungi (Lair:6)
  5 plants
  A withered plant (D:15)
20 creatures vanquished.

Grand Total: 832 creatures vanquished

Notes
Turn   | Place    | Note
-------+----------+-------------------------------------------
     0 | D:1      | markt42 the Gargoyle Fighter began the quest for the Orb.
     0 | D:1      | Reached XP level 1. HP: 14/14 MP: 1/1
     3 | D:1      | Noticed an electric eel
     3 | D:1      | Noticed an electric eel
   276 | D:1      | Reached XP level 2. HP: 19/19 MP: 2/2
   566 | D:1      | Reached XP level 3. HP: 17/23 MP: 3/3
  1045 | D:2      | Reached XP level 4. HP: 19/28 MP: 4/4
  1249 | D:2      | Reached skill level 3 in Maces & Flails
  1898 | D:3      | Found a faded altar of an unknown god.
  2482 | D:4      | Reached XP level 5. HP: 23/32 MP: 5/5
  2600 | D:4      | Noticed an orc warrior
  2618 | D:4      | Killed an orc warrior
  2618 | D:4      | Reached skill level 4 in Maces & Flails
  2618 | D:4      | Reached XP level 6. HP: 20/37 MP: 6/6
  3064 | D:4      | Reached skill level 5 in Armour
  3226 | D:4      | Reached skill level 5 in Maces & Flails
  3410 | D:4      | Reached XP level 7. HP: 39/42 MP: 7/7
  3636 | D:4      | Found Dovvusk's Jewellery Shoppe.
  4047 | D:5      | Entered Level 5 of the Dungeon
  4056 | D:5      | Noticed Pikel
  4077 | D:5      | Killed Pikel
  4077 | D:5      | Reached skill level 7 in Maces & Flails
  4077 | D:5      | Reached skill level 1 in Dodging
  4077 | D:5      | Reached skill level 5 in Shields
  4077 | D:5      | Reached XP level 8. HP: 45/48 MP: 8/8
  4311 | D:5      | Found a hide-covered altar of Uskayaw.
  4336 | D:5      | Identified the +2 leather armour of Beodip {rN+ Regen+}
                  | (You found it on level 5 of the Dungeon)
  5031 | D:6      | Reached skill level 8 in Maces & Flails
  5044 | D:6      | Noticed Edmund
  5059 | D:6      | Killed Edmund
  5089 | D:6      | Reached XP level 9. HP: 49/53 MP: 9/9
  5158 | D:6      | Reached skill level 5 in Fighting
  5272 | D:6      | Found Xoib's Magic Scroll Emporium.
  5300 | D:6      | Found a glowing drain.
  5469 | D:6      | Bought a scroll of identify for 28 gold pieces
  5579 | D:4      | Bought a +4 ring of dexterity for 270 gold pieces
  5647 | D:6      | Reached skill level 9 in Maces & Flails
  6057 | D:7      | Found a staircase to the Ecumenical Temple.
  6070 | Temple   | Entered the Ecumenical Temple
  6279 | Temple   | Became a worshipper of Warmaster Okawaru
  6639 | D:7      | Identified Galiwuer's Reference Book on Malediction and
                  | Talismans
  7371 | D:7      | Reached * piety under Okawaru
  7371 | D:7      | Reached skill level 10 in Maces & Flails
  7582 | D:8      | Reached XP level 10. HP: 43/60 MP: 10/10
  7667 | D:8      | Found a staircase to the Lair.
  8334 | D:8      | Noticed a two-headed ogre
  8348 | D:8      | Killed a two-headed ogre
  8706 | D:8      | Reached ** piety under Okawaru
  8858 | D:8      | Gained mutation: You are resistant to hostile enchantments.
                  | (MR+) [potion of mutation]
  8858 | D:8      | Gained mutation: Scrolls take you a little longer to read.
                  | [potion of mutation]
  8858 | D:8      | Gained mutation: You possess an exceptional clarity of
                  | mind. [potion of mutation]
  9413 | D:9      | Reached skill level 11 in Maces & Flails
  9558 | D:9      | Reached *** piety under Okawaru
  9953 | D:10     | Entered Level 10 of the Dungeon
 10172 | D:10     | Reached XP level 11. HP: 62/66 MP: 11/11
 10214 | D:10     | Reached **** piety under Okawaru
 10232 | D:10     | Reached skill level 12 in Maces & Flails
 10595 | D:11     | Found a runed translucent door.
 10604 | D:11     | Noticed a manticore
 10623 | D:11     | Killed a manticore
 10864 | D:11     | Noticed Sassenached's ghost (journeyman DrWn)
 10913 | D:11     | Killed Sassenached's ghost
 10913 | D:11     | Reached ***** piety under Okawaru
 11061 | D:11     | Found a staircase to the Orcish Mines.
 11061 | D:11     | Noticed a brown ugly thing
 11062 | D:11     | Noticed a purple ugly thing
 11085 | D:11     | Killed a green ugly thing
 11104 | D:11     | Killed a green ugly thing
 11926 | D:11     | Reached skill level 13 in Maces & Flails
 11998 | D:11     | Found a sparkling altar of Nemelex Xobeh.
 12191 | Lair:1   | Entered Level 1 of the Lair of Beasts
 12561 | Lair:1   | Lost mutation: Scrolls take you a little longer to read.
                  | [potion of mutation]
 12561 | Lair:1   | Lost mutation: You are resistant to hostile enchantments.
                  | (MR+) [potion of mutation]
 12561 | Lair:1   | Lost mutation: You possess an exceptional clarity of mind.
                  | [potion of mutation]
 12561 | Lair:1   | Gained mutation: You are agile. (Dex +2) [potion of
                  | mutation]
 12561 | Lair:1   | Gained mutation: You are partially covered in large bone
                  | plates. (SH +4) [potion of mutation]
 13113 | Lair:2   | Received a gift from Okawaru
 13144 | Lair:2   | Noticed a six-headed hydra
 13150 | Lair:2   | Killed a six-headed hydra
 13150 | Lair:2   | Reached XP level 12. HP: 55/72 MP: 12/12
 13507 | Lair:2   | Noticed Harold
 13522 | Lair:2   | Killed Harold
 13522 | Lair:2   | Reached ****** piety under Okawaru
 13553 | Lair:2   | Reached skill level 10 in Armour
 13868 | Lair:2   | Noticed an eight-headed hydra
 13883 | Lair:2   | Killed an eight-headed hydra
 13883 | Lair:2   | Reached skill level 14 in Maces & Flails
 14177 | Lair:2   | Received a gift from Okawaru
 14178 | Lair:2   | Got a crude double sword {god gift}
 14179 | Lair:2   | Identified the +8 double sword of a bazaar {elec, Str+2}
                  | (Okawaru gifted it to you on level 2 of the Lair of Beasts)
 14181 | Lair:2   | Noticed a four-headed hydra
 14188 | Lair:2   | Killed a four-headed hydra
 14256 | Lair:2   | Found a staircase to the Swamp.
 14379 | Lair:3   | Reached skill level 1 in Long Blades
 14441 | Lair:3   | Reached skill level 10 in Shields
 14718 | Lair:3   | Received a gift from Okawaru
 14724 | Lair:3   | Got a faintly glowing great mace {god gift}
 14725 | Lair:3   | Identified the +5 great mace "Grum" {flame, rN+ Str+3
                  | Int+3} (Okawaru gifted it to you on level 3 of the Lair of
                  | Beasts)
 15475 | Lair:4   | Reached XP level 13. HP: 79/79 MP: 13/13
 15493 | Lair:4   | Found the +8 frozen axe "Frostbite" {freezing cloud, *Noise
                  | +Fly rC+}
 16867 | Lair:4   | Received a gift from Okawaru
 17182 | Lair:4   | Reached skill level 1 in Evocations
 17460 | Lair:4   | Reached skill level 15 in Maces & Flails
 17700 | Lair:4   | Found a runed translucent gate.
 17701 | Lair:4   | Found a runed translucent gate.
 17701 | Lair:4   | Found a runed translucent gate.
 17702 | Lair:4   | Noticed Nebesus's ghost (journeyman DrFi)
 17783 | Lair:4   | Killed Nebesus's ghost
 18069 | Lair:4   | Found a staircase to the Snake Pit.
 18620 | Lair:5   | Found a viscous altar of Jiyva.
 18620 | Lair:5   | Found a staircase to the Slime Pits.
 18708 | Lair:5   | Received a gift from Okawaru
 18727 | Lair:5   | Got a jewelled demon whip {god gift}
 18927 | Lair:5   | Noticed Urug
 18939 | Lair:5   | Killed Urug
 19562 | Lair:6   | Entered Level 6 of the Lair of Beasts
 20080 | Lair:6   | Found a runed translucent gate.
 20080 | Lair:6   | Found a runed translucent gate.
 20106 | Lair:6   | Received a gift from Okawaru
 20106 | Lair:6   | Reached skill level 16 in Maces & Flails
 20154 | Lair:6   | Gained mutation: Your large and strong wings let you fly
                  | indefinitely. [Gargoyle growth]
 20154 | Lair:6   | Reached XP level 14. HP: 51/86 MP: 15/15
 20834 | Lair:6   | Found a runed translucent gate.
 20834 | Lair:6   | Noticed Ziqic's ghost (adept VSFi)
 20865 | Lair:6   | Killed Ziqic's ghost
 22270 | D:12     | Reached skill level 5 in Long Blades
 22528 | D:13     | Reached skill level 17 in Maces & Flails
 22918 | D:13     | Received a gift from Okawaru
 23657 | D:14     | Noticed Louise
 23675 | D:14     | Killed Louise
 23682 | D:14     | Reached skill level 10 in Fighting
 23870 | D:14     | Reached XP level 15. HP: 76/92 MP: 16/16
 23946 | D:14     | Found a gate to the Vaults.
 24108 | D:14     | Reached skill level 18 in Maces & Flails
 24570 | D:14     | Received a gift from Okawaru
 24601 | D:14     | Found Kovvauhi's Antique Weapon Shop.
 24841 | D:15     | Entered Level 15 of the Dungeon
 25748 | D:15     | Found a staircase to the Depths.
 26183 | Orc:1    | Entered Level 1 of the Orcish Mines
 26192 | Orc:1    | Received a gift from Okawaru
 26521 | Orc:1    | Got a pair of heavily runed boots {god gift}
 26594 | Orc:1    | Identified the +0 pair of boots of Vexation {rN+ Regen+
                  | Dex+3} (Okawaru gifted it to you on level 1 of the Orcish
                  | Mines)
 26625 | Orc:2    | Entered Level 2 of the Orcish Mines
 26646 | Orc:2    | Reached skill level 19 in Maces & Flails
 26770 | Orc:1    | Found a frozen archway.
 26770 | Orc:1    | Noticed Josephine
 26792 | Orc:1    | Killed Josephine
 26827 | IceCv    | Entered an ice cave
 26875 | IceCv    | Found a transporter.
 26910 | IceCv    | Found a transporter.
 27502 | Orc:2    | Reached XP level 16. HP: 82/100 MP: 17/17
 27603 | Orc:2    | Found a staircase to the Elven Halls.
 27783 | Orc:2    | Received a gift from Okawaru
 27815 | Orc:2    | Got an ichor-stained mace {god gift}
 27816 | Orc:2    | Identified the +2 mace of the Hidden Vale {drain, +Inv}
                  | (Okawaru gifted it to you on level 2 of the Orcish Mines)
 27850 | Orc:2    | Found Soraso's Magic Scroll Shoppe.
 27856 | Orc:2    | Found Hageit's Distillery.
 27858 | Orc:2    | Found Taunues's Magic Scroll Shop.
 27861 | Orc:2    | Bought a scroll of enchant weapon for 90 gold pieces
 27861 | Orc:2    | Bought a scroll of enchant armour for 90 gold pieces
 27866 | Orc:2    | Bought a potion of curing for 45 gold pieces
 27866 | Orc:2    | Bought a potion of curing for 45 gold pieces
 27866 | Orc:2    | Bought a potion of heal wounds for 75 gold pieces
 27866 | Orc:2    | Bought 2 potions of might for 120 gold pieces
 27869 | Orc:2    | Found Wimaoq's Armour Emporium.
 27892 | Orc:2    | Bought a scroll of enchant weapon for 97 gold pieces
 27892 | Orc:2    | Bought a scroll of enchant weapon for 97 gold pieces
 28121 | Orc:1    | Noticed Snorg
 28130 | Orc:1    | Killed Snorg
 28139 | Orc:1    | Noticed Nergalle
 28140 | Orc:1    | Found Rill's Gadget Boutique.
 28145 | Orc:1    | Killed Nergalle
 28221 | Orc:1    | Found a roughly hewn altar of Beogh.
 28489 | Swamp:1  | Entered Level 1 of the Swamp
 28793 | Swamp:1  | Reached skill level 20 in Maces & Flails
 29234 | Swamp:1  | Identified the +6 great mace "Guexzyfe" {venom, +Rage rPois
                  | SInv} (You found it on level 1 of the Swamp)
 30251 | Swamp:2  | Received a gift from Okawaru
 31302 | Swamp:3  | Reached XP level 17. HP: 99/108 MP: 18/18
 32054 | Swamp:4  | Entered Level 4 of the Swamp
 32093 | Swamp:4  | HP: 3/108 [eight-headed hydra (15)]
 32094 | Swamp:4  | Slain by an eight-headed hydra

Levels and vault maps discovered:
D:1:      arrival_aquarium_b, layout_loops_corners
D:2:      layout_loops_ring, first_ration, minmay_tiny_reverse_x
D:3:      layout_loops_ring, chequers_ecumenical_altar_simple_redux
D:4:      layout_layer_cave, serial_shops, kennysheep_little_box,
          hangedman_abyss_or_decor_slice, corexii_item_surrounded_by_moat,
          minmay_fractal_squares_gapless_5
D:5:      layout_loops_ring, eat_drink_and_be_merry_uskayaw, minmay_hedge_maze,
          uniq_pikel
D:6:      layout_basic, serial_shops, shop, cheibrodos_sewer_entry_sluice,
          uniq_edmund
D:7:      layout_basic, minmay_temple_entry_mini_moons, serial_bayou_crossing
D:8:      layout_layer_cave, erik_lair_orcish_takeover
D:9:      layout_loops_cross
D:10:     layout_basic, serial_rivers, chequers_serial_rivers_room_b,
          chequers_serial_rivers_small_b, chequers_serial_rivers_room_b,
          chequers_serial_rivers_room_b, chequers_serial_rivers_micro_d,
          hangedman_pestilent_swarm
D:11:     layout_long_grid, david_orc_3, ebering_ghost_reflecting_pool,
          basic_altar
D:12:     layout_basic
D:13:     layout_small_grid, serial_bayou_pond_a
D:14:     layout_gridville, erik_vaults_2, serial_shops,
          nicolae_shop_overgrown_old_shop, grunt_ministairs_2,
          einodemon_barbed_minivault, uniq_louise
D:15:     gammafunk_depths_entry_grave, layout_basic
Temple:   kilobyte_greek_temple
Lair:1:   layout_chaotic_city, infiniplex_staircase_pool
Lair:2:   layout_regular_city, palyth_hydra_swamp_entry, beast_lair_carwin_9,
          serial_bayou_shore_b, uniq_harold
Lair:3:   layout_hall_layers, st_stairs_11, worms_lemuel
Lair:4:   layout_big_grid, guppyfry_snake_entry_garden,
          gammafunk_ghost_hydra_chop, minmay_lair_oklob_chamber
Lair:5:   layout_regular_city, slime_altar_1, chequers_serial_rivers_small_3,
          minivault_11, lemuel_fruit_tree, uniq_urug
Lair:6:   minmay_lair_end_enchanted_forest, layout_regular_city,
          ebering_ghost_rock_garden, minivault_25
Swamp:1:  layout_basic_swamp, serial_swamp_ruin, evilmike_swamp_ruin_rubble_2,
          evilmike_swamp_ruin_house_4
Swamp:2:  layout_basic_swamp, evilmike_swamp_ruin_house_3
Swamp:3:  layout_falls_marsh, nicolae_swamp_fairy_circle
Swamp:4:  swamp_alternative, layout_basic_swamp, swamp_pool1
Orc:1:    layout_diamond_mine, basic_altar, serial_shops, shop,
          portal_ice_cave_entry_pillars_2, enter_bailey_2, uniq_josephine,
          uniq_snorg, uniq_nergalle
Orc:2:    st_orc_open, layout_caves

Skill      XL: |  1  2  3  4  5  6  7  8  9 10 11 12 13 14 15 16 17 |
---------------+----------------------------------------------------+-----
Armour         | 4 5 6 7 8 9 10 11 12 14 | 14.6
Maces & Flails | 3 4 5 7 8 10 11 13 14 16 17 19 20 | 20.0
Shields        | 4 5 6 7 9 10 11 12 | 12.2
Fighting       | 4 5 6 7 8 9 10 11 12 | 12.9
Dodging        | 1 2 3 |  3.1
Long Blades    | 2 4 5 |  5.3
Evocations     | 1 |  1.7
Stealth        | |  0.9

Action                   |  1- 3 |  4- 6 |  7- 9 | 10-12 | 13-15 | 16-18 || total
-------------------------+-------+-------+-------+-------+-------+-------++-------
Melee: Flail             |   139 |   172 |   488 |   615 |       |       ||  1414
       Morningstar       |       |       |       |   247 |       |       ||   247
       Great mace        |       |       |       |    38 |  1125 |   531 ||  1694
 Abil: Fly               |       |       |       |       |     1 |       ||     1
       Stop Flying       |       |       |       |       |     1 |       ||     1
Evoke: Wand              |       |       |       |       |    37 |       ||    37
  Use: Scroll            |       |     6 |     1 |    17 |     5 |    13 ||    42
       Potion            |       |     2 |       |    12 |     9 |     3 ||    26
 Stab: Distracted        |       |       |       |       |       |     1 ||     1
  Eat: Chunk             |       |     5 |     2 |    19 |    15 |     7 ||    48
       Ration            |       |     1 |     4 |     2 |     7 |     2 ||    16
Armor: Scale mail        |    78 |    15 |       |       |       |       ||    93
       Chain mail        |       |    89 |   366 |   109 |       |       ||   564
       Plate armour      |       |       |       |   352 |   828 |   422 ||  1602
Dodge: Dodged            |    43 |    26 |   146 |   172 |   420 |   218 ||  1025
Block: Shield            |    79 |    73 |   314 |   548 |       |       ||  1014
       Other             |       |       |       |     8 |   370 |   204 ||   582
       Reflection        |       |       |       |       |    16 |     3 ||    19
